 Dungeon Crawl Stone Soup version 0.31-a0-331-geda263fcf1 (webtiles) character file.

Game seed: 682743391210106120

83 cforsyth the Digger (level 4, 0/30 HPs)
             Began as a Vampire Earth Elementalist on July 20, 2023.
             Slain by an iguana (12 damage)
             ... on level 3 of the Dungeon.
             The game lasted 00:01:56 (2072 turns).

cforsyth the Digger (Vampire Earth Elementalist)    Turns: 2072, Time: 00:01:57

Health: 0/30       AC:  3    Str:  7    XL:     4   Next: 22%
Magic:  2/8        EV: 12    Int: 19    God:
Gold:   53         SH:  0    Dex: 14    Spells: 8/9 levels left

rFire   . . .        (no weapon)
rCold   . . .        (no shield)
rNeg    . . .        a - +0 robe
rPois   .            (no helmet)
rElec   .            h - +0 cloak
rCorr   .            (no gloves)
SInv    +            (no boots)
Will    .....        (no amulet)
Stlth   ++           (no ring)
HPRegen 0.45/turn    (no ring)
MPRegen 0.11/turn

%: no passive effects
@: healing quickly
A: alive, fangs 3, see invisible, vampiric 2
a: Exsanguinate


You were on level 3 of the Dungeon.
You visited 1 branch of the dungeon, and saw 3 of its levels.

You collected 95 gold pieces.
You spent 42 gold pieces at shops.

Inventory:

Armour
 a - a +0 robe (worn)
 h - a +0 cloak (worn)
Scrolls
 c - 7 scrolls of identify {unknown}
 d - 2 scrolls of enchant armour {unknown}
 g - 2 scrolls of vulnerability {unknown}
 i - a scroll of revelation {unknown}
 j - a scroll of silence {unknown}
 l - a scroll of amnesia {unknown}
 m - a scroll of immolation {unknown}
 o - a scroll of blinking {unknown}
 p - a scroll of torment {unknown}
Potions
 b - a potion of magic
 e - a potion of degeneration {unknown}
 f - 2 potions of lignification {unknown}
 k - 2 potions of heal wounds {unknown}
 n - a potion of berserk rage {unknown}


   Skills:
 - Level 2.1 Dodging
 - Level 3.0 Stealth
 + Level 3.2 Spellcasting
 - Level 1.1 Transmutations
 + Level 4.2 Earth Magic


You had 8 spell levels left.
You knew the following spells:

 Your Spells              Type           Power      Damage    Failure   Level
a - Sandblast             Erth           38%        2d10      2%          1

Your spell library contained the following spells:

 Spells                   Type           Power      Damage    Failure   Level
 Passwall                 Tmut/Erth      10%        N/A       8%          2
 Stone Arrow              Conj/Erth      22%        3d8       19%         3
 Petrify                  Tmut/Erth      13%        N/A       45%         4
 Olgreb's Toxic Radiance  Pois           3%         N/A       83%         4
 Discord                  Hex            1%         N/A       100%        8
 Ignition                 Fire           1%         3d3       100%        8


Dungeon Overview and Level Annotations

Branches:
Dungeon (3/15)

Altars:
Cheibriados

Shops:
D:2 *   D:3 :


Innate Abilities, Weirdness & Mutations

Your natural rate of healing is accelerated.
You have razor-sharp teeth.
You have supernaturally acute eyesight. (SInv)
You are afflicted with vampirism and can become a bat while bloodless.


Message History

The iguana hisses angrily.
An iguana is nearby!
An iguana is nearby!
An iguana is nearby!
An iguana is nearby!
A bat comes into view.
The bat hits you but does no damage.
The blast of sand hits the bat!
You kill the bat!
The iguana barely misses you.
The blast of sand hits the iguana.
The iguana is lightly wounded.
The iguana bites you!
The blast of sand hits the iguana but does no damage.
The iguana closely misses you. The iguana bites you.
The blast of sand hits the iguana but does no damage.
The iguana closely misses you.
The blast of sand hits the iguana.
The iguana is lightly wounded.
The iguana bites you! The iguana closely misses you.
You are too injured to fight recklessly!
You are too injured to fight recklessly!
You are too injured to fight recklessly!
Casting: Sandblast (safe; 2% risk of failure)
Confirm with . or Enter, or press ? or * to list all spells.
Aiming: Sandblast (safe; 2% risk of failure)
Press: ? - help, Shift-Dir - straight line, f/p - iguana
Aim: an iguana (lightly wounded, 84% to hit)
The blast of sand hits the iguana.
The iguana is heavily wounded.
The iguana bites you.
Casting: Sandblast (safe; 2% risk of failure)
Confirm with . or Enter, or press ? or * to list all spells.
Aiming: Sandblast (safe; 2% risk of failure)
Press: ? - help, Shift-Dir - straight line, f/p - iguana
Aim: an iguana (heavily wounded, 84% to hit)
The blast of sand hits the iguana.
The iguana is severely wounded.
The iguana bites you. The iguana bites you!
You die...

#... #...####
#......#
#.......
#......#
#......#
#.....l# #...@#
####.# #.# #.#
#.# #.# #.# #.#
##############.#


You could see an iguana.

Vanquished Creatures
  Jessica (D:2)
  An adder (D:2)
  2 dart slugs
  3 ball pythons
  A bat (D:3)
  5 endoplasms
  3 giant cockroaches
  6 goblins
  4 hobgoblins
  3 kobolds
  3 quokkas
  A frilled lizard (D:2)
  5 rats
38 creatures vanquished.

Notes
Turn   | Place    | Note
-------+----------+-------------------------------------------
     0 | D:1      | cforsyth the Vampire Earth Elementalist began the quest for
                  | the Orb.
     0 | D:1      | Reached XP level 1. HP: 13/13 MP: 3/3
   177 | D:1      | Reached XP level 2. HP: 19/19 MP: 1/5
   222 | D:1      | Found a faded altar of an unknown god.
   283 | D:1      | You fall into a shaft and drop 1 floor!
   307 | D:2      | Found a snail-covered altar of Cheibriados.
   835 | D:1      | Gained mutation: You are afflicted with vampirism and can
                  | become a bat while bloodless. [Vampire growth]
   835 | D:1      | Reached XP level 3. HP: 24/24 MP: 5/7
   893 | D:2      | Noticed Jessica
   895 | D:2      | Killed Jessica
   938 | D:2      | Reached skill level 4 in Earth Magic
  1128 | D:2      | Found Guqo's Assorted Antiques.
  1136 | D:2      | Bought a scroll labelled FAIKHA OLESOB for 21 gold pieces
  1136 | D:2      | Bought a scroll labelled CURIAV ISSYOQU for 21 gold pieces
  1336 | D:2      | Reached XP level 4. HP: 29/30 MP: 4/8
  1878 | D:3      | Found Sodi Max's Vocational Training.
  2072 | D:3      | Slain by an iguana

Illustrated notes

Levels and vault maps discovered:
D:1:      dpeg_arrival_leaves_temple_mockup, layout_basic,
          ebering_ecumenical_altar_petrified
D:2:      wad_lake_hut, layout_loops_ring, serial_shops, shop, basic_altar,
          uniq_jessica
D:3:      cheibrodos_old_hovel, layout_basic, nicolae_yredelemnul_corpse_copse,
          nicolae_shop_vocational

Skill      XL: |  1  2  3 |
---------------+----------+-----
Spellcasting   | 3 |  3.2
Earth Magic    | 4 |  4.2
Dodging        | |  2.1
Stealth        | |  3.0
Transmutations | |  1.1

Action                     |  1- 3 |  4- 6 || total
---------------------------+-------+-------++-------
   Cast: Sandblast         |    30 |    23 ||    53
 Armour: Robe              |     1 |     1 ||     2
  Dodge: Dodged            |     4 |     5 ||     9

Table legend: (Time is in decaauts)
 A = Elapsed time spent in this place.
 B = Non-inter-level travel time spent in this place.
 C = Inter-level travel time spent in this place.
 D = Time resting spent in this place.
 E = Time spent auto-exploring this place.
 F = Levels seen in this place.
 G = Mean time per level.
                   A        B        C        D        E       F      G
               +--------+--------+--------+--------+--------+-----+--------+
         Total |   2131 |   2081 |     50 |      0 |   1860 |   3 |  710.3 |
       Dungeon |   2131 |   2081 |     50 |      0 |   1860 |   3 |  710.3 |
               +--------+--------+--------+--------+--------+-----+--------+

Top non-repeatable levels by time:
     D:2: 943 daAuts
     D:1: 849 daAuts
     D:3: 338 daAuts
